 Dungeon Crawl Stone Soup version 0.21.1-1-g345015f (webtiles) character file.

10562 microfolk the Protected (level 11, -1/103 HPs)
             Began as a Deep Dwarf Fighter on May 1, 2018.
             Was a Priest of Makhleb.
             Slain by a 19-headed hydra (9 damage)
             ... on level 2 of the Lair of Beasts.
             The game lasted 00:42:48 (12571 turns).

microfolk the Protected (Deep Dwarf Fighter)       Turns: 12571, Time: 00:42:49

Health: -1/103     AC: 27    Str: 20    XL:     11   Next: 37%
Magic:  5/5        EV:  3    Int:  9    God:    Makhleb [***...]
Gold:   696        SH:  9    Dex: 15    Spells: 3/10 levels left

rFire    . . .     SeeInvis .   a - +1 war axe
rCold    . . .     Gourm    .   c - +0 shield
rNeg     . . .     Faith    .   r - +0 crystal plate armour (curse)
rPois    .         Spirit   .   v - +1 hat
rElec    .         Reflect  .   w - +0 cloak
rCorr    +         Harm     .   z - +2 pair of gloves {archery}
MR       +....                  g - +0 pair of boots
Stlth    ..........             (no amulet)
HPRegen  0.00/turn              G - ring of wizardry
MPRegen  0.09/turn              S - ring of resist corrosion

@: non-regenerating
A: damage resistance, heal wounds, sense surroundings 2, no regeneration
a: Heal Wounds, Minor Destruction, Lesser Servant of Makhleb, Renounce Religion


You were on level 2 of the Lair of Beasts.
You worshipped Makhleb.
Makhleb was most pleased with you.
You were very hungry.

You visited 3 branches of the dungeon, and saw 14 of its levels.
You also visited: Labyrinth.

You collected 696 gold pieces.

Inventory:

Hand Weapons
 a - a +1 war axe (weapon)
 D - a +0 hunting sling
Missiles
 e - 8 tomahawks
 j - 73 sling bullets
 k - 328 stones (quivered)
 s - 75 bolts
Armour
 c - a +0 shield (worn)
 g - a +0 pair of boots (worn)
 r - a cursed +0 crystal plate armour (worn)
 u - a +2 chain mail of cold resistance
 v - a +1 hat (worn)
 w - a +0 cloak (worn)
 z - a +2 pair of gloves of archery (worn)
 F - a +2 scale mail of fire resistance
 L - a +0 plate armour
 Q - a +0 large shield
Jewellery
 m - an uncursed amulet of magic regeneration
 q - an uncursed amulet of the gourmand {unknown}
 G - a ring of wizardry (left hand)
 S - a ring of resist corrosion (right hand)
Wands
 b - a wand of paralysis (18)
 i - a wand of enslavement (26)
 M - a wand of flame (44)
 R - a wand of iceblast (8)
Scrolls
 h - a scroll of fog
 l - a scroll of remove curse
 o - a scroll of amnesia
 x - a scroll of immolation
 y - a scroll of magic mapping
 A - 2 scrolls of enchant weapon
 J - a scroll of enchant armour
 K - 5 scrolls of identify
 N - a scroll of teleportation
 O - a scroll of blinking {unknown}
Potions
 d - 4 potions of might
 n - 2 potions of berserk rage
 p - a potion of lignification
 t - 5 potions of heal wounds
 B - 3 potions of curing
 C - a potion of agility
 E - 2 potions of flight
 I - 3 potions of resistance
 P - a potion of haste
 T - a potion of brilliance
 U - a potion of cancellation
Books
 H - a book of Maledictions

   Spells                             Type                      Level
   a - Corona                         Hexes                        1
   b - Ensorcelled Hibernation        Hexes/Ice                    2
   c - Confuse                        Hexes                        3
   d - Tukima's Dance                 Hexes                        3
   e - Dazzling Spray                 Conjuration/Hexes            3
Comestibles
 f - 20 rations


   Skills:
 + Level 8.0 Fighting
 + Level 9.2 Axes
 + Level 9.6 Armour
 - Level 5.5 Dodging
 - Level 3.2 Shields
 - Level 9.1 Invocations
 - Level 9.0 Evocations


You had 3 spell levels left.
You knew the following spells:

 Your Spells              Type           Power        Failure   Level  Hunger
a - Apportation           Tloc           #.....       100%        1    ##.....
b - Summon Butterflies    Summ           #.......     100%        1    ##.....
c - Borgnjor's Vile Clut  Necr/Erth      #.........   100%        5    ######.


Dungeon Overview and Level Annotations

Branches:
Dungeon (11/15)            Temple (1/1) D:5            Lair (2/6) D:8
 Shoals (0/4) Lair:2        Snake (0/4) Lair:2          Orc (0/2) D:10

Altars:
Elyvilon
Hepliaklqana
Makhleb
Okawaru
Sif Muna
Wu Jian
Xom
The Shining One

Shops:
D:6 !

Annotations:
D:1 exclusion: downstairs
D:2 1 runed door, exclusion: 3 downstairs
D:3 Mirai's ghost, amateur KoEn
D:4 exclusion: downstairs
D:5 exclusion: 2 downstairs
D:6 exclusion: downstairs, AdmiralAndromeda's ghost, novice OpTm
D:9 exclusion: 2 downstairs
D:10 troglodite's ghost, journeyman DsBe
Lair:1 exclusion: downstairs


Innate Abilities, Weirdness & Mutations

You are resistant to damage.
You can heal yourself by infusing magical energy.
You passively map the area around you.
You do not regenerate.


Message History

The 19-headed hydra bites you but does no damage.
You block the 19-headed hydra's attack.
The 19-headed hydra bites you but does no damage.
The 19-headed hydra bites you. x2
* * * LOW HITPOINT WARNING * * *
You block the 19-headed hydra's attack. The 19-headed hydra bites you.
You block the 19-headed hydra's attack. The 19-headed hydra bites you.
* * * LOW HITPOINT WARNING * * *
The 19-headed hydra bites you but does no damage. x5
You block the 19-headed hydra's attack.
The 19-headed hydra bites you but does no damage. x4
The 19-headed hydra bites you!
* * * LOW HITPOINT WARNING * * *
The 19-headed hydra barely misses you. The 19-headed hydra bites you.
* * * LOW HITPOINT WARNING * * *
The 19-headed hydra bites you but does no damage.
The 19-headed hydra bites you.
The 19-headed hydra bites you but does no damage. x4
The 19-headed hydra bites you!
You die...

,,,,* **,,,**
,,,,*** *###....,*
,,,*,,**#.P#....#**
,,,,,,,,........#,*
,,,,,,,,.........**
,,,,,,,,........#*
,,,,,,,,,.......#
,,,,,***,.......##
,,,,,***,,,*,#.D@#
....#**,,,***#..##
....# ***,**##..#
....# *,,,#...#
....# *,,*#P..##
.#..# **,**##...#
..P.# *,,* #..##
..P.## **,* ##..#
...<.# #,**#.>.##


You could see a 19-headed hydra.

Vanquished Creatures
  A minotaur (Lab)
  2 unseen horrors (Lab)
  Pikel (D:8)
  A manticore (Lair:1)
  Psyche (D:8)
  A black mamba (Lair:1)
  2 spiny frogs
  A komodo dragon (Lair:2)
  A hornet (D:10)
  3 hippogriffs
  The ghost of Asgaroth the Cutter, an amateur KoGl (D:5)
  4 yaks
  A water moccasin (Lair:2)
  A porcupine (Lair:2)
  2 black bears
  3 orc warriors
  2 ice beasts
  A necrophage (D:8)
  A sky beast (D:6)
  3 slaves
  A centaur (D:6)
  3 ogres
  2 crocodiles (Lair:1)
  10 bullfrogs
  Blork the orc (D:5)
  A scorpion (D:8)
  4 wights (D:6)
  2 howler monkeys
  4 crimson imps
  A bullfrog zombie (D:5)
  A centaur zombie (D:10)
  A quasit (D:8)
  3 hounds
  3 iguanas
  7 orc priests
  4 jellies
  6 orc wizards
  Jessica (D:2)
  2 centaur skeletons
  Terence (D:2)
  Natasha (thrice) (D:3)
  A killer bee zombie (D:8)
  9 worker ants
  A worker ant zombie (D:5)
  Robin (D:3)
  7 adders
  4 gnolls (D:7)
  A shadow imp (D:8)
  2 oozes (D:7)
  2 adder skeletons
  3 worms
  2 dart slugs
  7 leopard geckos
  46 orcs
  6 bats
  5 giant cockroaches
  20 goblins
  6 hobgoblins
  4 jackals
  3 quokkas
  A ball python (D:3)
  A frilled lizard (D:4)
  6 kobolds
  2 leopard gecko skeletons
  6 rats
  2 fungi (D:1)
242 creatures vanquished.

Vanquished Creatures (collateral kills)
  Harold (Lair:1)
  A spiny frog (Lair:1)
  A hippogriff (D:9)
  2 yaks (D:10)
  An ogre (D:9)
  A scorpion (D:7)
  A killer bee zombie (D:9)
  An orc (D:10)
9 creatures vanquished.

Grand Total: 251 creatures vanquished

Notes
Turn   | Place    | Note
-------+----------+-------------------------------------------
     0 | D:1      | microfolk the Deep Dwarf Fighter began the quest for the Orb.
     0 | D:1      | Reached XP level 1. HP: 20/20 MP: 1/1
   142 | D:1      | Reached XP level 2. HP: 22/27 MP: 2/2
   361 | D:1      | Reached skill level 1 in Dodging
   682 | D:1      | Reached XP level 3. HP: 27/34 MP: 3/3
   812 | D:2      | Found a burning altar of Makhleb.
   817 | D:2      | Reached XP level 4. HP: 34/42 MP: 4/4
   830 | D:2      | Became a worshipper of Makhleb the Destroyer
   930 | D:2      | Noticed Jessica
   940 | D:2      | Killed Jessica
   940 | D:2      | Reached skill level 1 in Invocations
  1346 | D:2      | Noticed Terence
  1402 | D:3      | Noticed Robin
  1450 | D:3      | Noticed Mirai's ghost (amateur KoEn)
  1512 | D:3      | Reached XP level 5. HP: 25/49 MP: 6/6
  1788 | D:3      | Reached * piety under Makhleb
  1809 | D:3      | Killed Robin
  1869 | D:3      | Found a burning altar of Makhleb.
  1869 | D:3      | Found a deep blue altar of Sif Muna.
  1869 | D:3      | Found a hazy altar of Hepliaklqana.
  1869 | D:3      | Found an iron altar of Okawaru.
  1951 | D:2      | Killed Terence
  2006 | D:2      | Found a runed door.
  2184 | D:3      | Noticed Natasha
  2195 | D:3      | Killed Natasha
  2270 | D:3      | Noticed Natasha
  2281 | D:3      | Killed Natasha
  2324 | D:3      | Noticed Natasha
  2346 | D:3      | Killed Natasha
  2346 | D:3      | Reached XP level 6. HP: 42/56 MP: 7/7
  3806 | D:5      | Entered Level 5 of the Dungeon
  3820 | D:5      | Reached XP level 7. HP: 21/63 MP: 9/9
  3905 | D:5      | Noticed Asgaroth's ghost (amateur KoGl)
  4041 | D:5      | Found a staircase to the Ecumenical Temple.
  4053 | D:5      | Reached skill level 5 in Armour
  4060 | Temple   | Entered the Ecumenical Temple
  4718 | D:5      | Noticed Blork the orc
  4739 | D:5      | Killed Blork the orc
  4739 | D:5      | Reached skill level 5 in Invocations
  5090 | D:6      | Noticed AdmiralAndromeda's ghost (novice OpTm)
  5149 | D:5      | Reached ** piety under Makhleb
  5231 | D:6      | Reached XP level 8. HP: 54/73 MP: 9/9
  5324 | D:6      | Found Muilila's Distillery.
  5331 | D:6      | Reached skill level 5 in Axes
  5765 | D:6      | Reached skill level 5 in Fighting
  5789 | D:6      | Found a shimmering altar of Xom.
  5883 | D:5      | Killed Asgaroth's ghost
  6121 | D:7      | Reached skill level 5 in Dodging
  6407 | D:7      | Gained mutation: You passively map the area around you. [Deep Dwarf growth]
  6407 | D:7      | Reached XP level 9. HP: 54/81 MP: 11/11
  6414 | D:7      | Reached *** piety under Makhleb
  6912 | D:7      | Found a glowing golden altar of the Shining One.
  7469 | D:8      | Found a staircase to the Lair.
  7643 | D:8      | Noticed Pikel
  7945 | D:8      | Reached skill level 1 in Evocations
  8004 | D:8      | Killed Pikel
  8190 | D:8      | Noticed Psyche
  8249 | D:8      | Killed Psyche
  8392 | D:9      | Reached skill level 5 in Evocations
  8484 | D:9      | Reached XP level 10. HP: 55/91 MP: 11/11
  8534 | D:8      | Learned a level 1 spell: Apportation
  8536 | D:8      | Learned a level 1 spell: Summon Butterflies
  8542 | D:8      | Learned a level 5 spell: Borgnjor's Vile Clutch
  8908 | D:10     | Entered Level 10 of the Dungeon
  8978 | D:10     | Noticed troglodite's ghost (journeyman DsBe)
  9450 | D:10     | Paralysed by a hornet for 2 turns
  9860 | Lair:1   | Entered Level 1 of the Lair of Beasts
  9886 | Lair:1   | Noticed Harold
  9905 | Lair:1   | Killed Harold
 10025 | Lair:1   | Noticed a spiny frog
 10061 | Lair:1   | Killed a spiny frog
 10188 | D:10     | Found a staircase to the Orcish Mines.
 10710 | Lair:1   | Noticed a spiny frog
 10723 | Lair:1   | Killed a spiny frog
 11006 | Lair:1   | Noticed a black mamba
 11013 | Lair:1   | Killed a black mamba
 11236 | Lair:2   | Noticed a four-headed hydra
 11304 | Lair:2   | Found a labyrinth entrance.
 11312 | Lab      | Entered a labyrinth
 11498 | Lab      | Killed an unseen horror
 11498 | Lab      | Reached XP level 11. HP: 45/100 MP: 10/10
 11517 | Lab      | Killed an unseen horror
 12180 | Lab      | Noticed a minotaur
 12205 | Lab      | Killed a minotaur
 12547 | Lair:2   | Noticed an eight-headed hydra
 12571 | Lair:2   | Slain by a 19-headed hydra

Skill      XL: |  1  2  3  4  5  6  7  8  9 10 11 |
---------------+----------------------------------+-----
Dodging        | 1 2 3 4 5 |  5.5
Fighting       | 3 4 5 6 7 8 |  8.0
Axes           | 3 4 5 7 8 9 |  9.2
Armour         | 4 5 6 7 9 |  9.6
Invocations    | 1 3 4 6 8 9 |  9.1
Evocations     | 5 9 |  9.0
Shields        | |  3.2

Action                   |  1- 3 |  4- 6 |  7- 9 | 10-12 || total
-------------------------+-------+-------+-------+-------++-------
Melee: War axe           |   101 |   242 |   537 |   371 ||  1251
Throw: Tomahawk          |     4 |     3 |     4 |       ||    11
       Stone             |     1 |    23 |    17 |     2 ||    43
Invok: Minor Destruction |       |       |     6 |    15 ||    21
       Lesser Servant of |       |       |     2 |    10 ||    12
 Abil: Heal Wounds       |       |     5 |     9 |    17 ||    31
Evoke: Wand              |       |       |     7 |    20 ||    27
  Use: Scroll            |       |     6 |     6 |    15 ||    27
       Potion            |       |       |     1 |     1 ||     2
 Stab: Paralysed         |       |       |    12 |    25 ||    37
       Distracted        |       |       |     1 |     4 ||     5
  Eat: Chunk             |       |    10 |    13 |     9 ||    32
       Ration            |       |       |     1 |     1 ||     2
Armor: Scale mail        |    53 |    89 |   257 |   119 ||   518
       Crystal plate arm |       |       |       |   127 ||   127
Dodge: Dodged            |    29 |   103 |   203 |   121 ||   456
Block: Shield            |    55 |   142 |   320 |   184 ||   701
